 Dungeon Crawl Stone Soup version 0.30-a0-557-ge2afbf3030 (webtiles) character file.

Game seed: 1686179345372890275

756 greasedhog the Covered (level 8, -1/63 HPs)
             Began as a Formicid Fighter on Dec 27, 2022.
             Slain by an ogre
             ... wielding a +0 giant club
              (15 damage)
             ... on level 5 of the Dungeon.
             The game lasted 00:06:24 (3618 turns).

greasedhog the Covered (Formicid Fighter)           Turns: 3618, Time: 00:06:25

Health: -1/63      AC: 10    Str: 23    XL:     8   Next: 7%
Magic:  8/8        EV:  8    Int:  8    God:
Gold:   303        SH:  6    Dex: 19    Spells: 7/7 levels left

rFire   + . .      SeeInvis +    a - +0 war axe
rCold   . . .      Faith    .    c - +0 buckler
rNeg    . . .      Spirit   .    j - +0 chain mail
rPois   .          Reflect  .    (helmet unavailable)
rElec   .          Harm     .    (no cloak)
rCorr   .          Rampage  .    (no gloves)
Will    .....                    (no boots) Stlth
                                 (no amulet)
HPRegen 0.30/turn                o - ring of protection from fire
MPRegen 0.11/turn                p - +6 ring of dexterity

@: no status effects
A: permanent stasis, dig shafts and tunnels, antennae 3, four strong arms
a: Dig, Shaft Self


You were on level 5 of the Dungeon.
You visited 1 branch of the dungeon, and saw 5 of its levels.
You also visited: Sewer.

You collected 331 gold pieces.
You spent 28 gold pieces at shops.

Inventory:

Hand Weapons
 a - a +0 war axe (weapon)
Missiles
 u - 2 throwing nets
Armour
 c - a +0 buckler (worn)
 j - a +0 chain mail (worn)
Jewellery
 m - a ring of fire
 o - a ring of protection from fire (left hand)
 p - a +6 ring of dexterity (right hand)
Scrolls
 b - a scroll of teleportation {unknown}
 g - a scroll of fog
 h - 2 scrolls of poison
 q - a scroll of silence {unknown}
 s - a scroll of brand weapon
 t - a scroll of enchant armour {unknown}
Potions
 d - 5 potions of might
 e - a potion of mutation
 f - a potion of attraction
 i - a potion of brilliance {unknown}
 k - a potion of lignification
 l - a potion of degeneration {unknown}
 n - 2 potions of curing {unknown}


   Skills:
 * Level 5.5 Fighting
 * Level 5.1 Axes
 - Level 5.6 Armour
 * Level 1.7 Dodging
 - Level 5.2 Shields


You had 7 spell levels left.
You didn't know any spells.
Your spell library contained the following spells:

 Spells                   Type           Power      Damage    Failure   Level
 Momentum Strike          Conj/Tloc      0%         3d8       99%         2
 Call Canine Familiar     Summ           0%         N/A       100%        3
 Lesser Beckoning         Tloc           0%         N/A       100%        3
 Portal Projectile        Hex/Tloc       0%         N/A       100%        3
 Leda's Liquefaction      Hex/Erth       0%         N/A       100%        4
 Blink                    Tloc           Unusable   N/A       N/A         2

Dungeon Overview and Level Annotations

Branches:
Dungeon (5/15)              Sewer (visited)
 Temple: D:4-7

Altars:
Dithmenos
Hepliaklqana
Wu Jian

Shops:
D:3 *


Innate Abilities, Weirdness & Mutations

You cannot be hasted, slowed, berserked, paralysed or teleported.
You can dig through walls and to a lower floor.
You have a pair of large antennae on your head. (SInv)
Your four strong arms can wield two-handed weapons with a shield.


Message History

Your Axes skill increases to level 5!
You are too injured to fight recklessly!
You are too injured to fight recklessly!
You are too injured to fight recklessly!
You are too injured to fight recklessly!
You are too injured to fight recklessly!
You are too injured to fight recklessly!
You are too injured to fight recklessly!
You are too injured to fight recklessly!
You are too injured to fight recklessly!
You are too injured to fight recklessly!
You are too injured to fight recklessly!
You are too injured to fight recklessly!
You are too injured to fight recklessly!
You are too injured to fight recklessly!
You slash the black bear!
You kill the black bear!
You have reached level 8!
You feel stronger.
You start resting.
You sense a monster nearby.
You start resting.
HP restored.
An ogre comes into view. It is wielding a +0 giant club.
Found a fizzy golden potion.
The ogre shouts!
You hit the ogre but do no damage.
The ogre hits you with a +0 giant club!!
You hit the ogre.
The ogre is lightly wounded.
The ogre closely misses you.
You hit the ogre but do no damage.
The ogre is lightly wounded.
You hit the ogre.
The ogre is moderately wounded.
The ogre hits you with a +0 giant club!!
* * * LOW HITPOINT WARNING * * *
Are you sure you want to shaft yourself?
The ogre hits you with a +0 giant club!
You die...

#### ...
######.#########
#........†......
#.<.# ##.
...###.####....!
#......@O...#
............##
....###.###.#
... #.# {# .#
#.# # ... ...
##.


You could see an ogre.

Vanquished Creatures
  Sigmund (D:2)
  A black bear (D:5)
  2 bullfrogs (Sewer)
  A scorpion (D:4)
  A jelly (D:5)
  3 gnolls (D:3)
  9 adders
  A white imp (D:4)
  A worm (D:4)
  2 dart slugs
  2 orcs (D:4)
  16 ball pythons
  21 endoplasms
  12 giant cockroaches
  7 goblins
  10 hobgoblins
  10 jackals
  7 kobolds
  16 quokkas
  4 bats (D:1)
  5 frilled lizards
  12 rats
144 creatures vanquished.

Vanquished Creatures (others)
  7 plants (D:4)
7 creatures vanquished.

Grand Total: 151 creatures vanquished

Notes
Turn   | Place    | Note
-------+----------+-------------------------------------------
     0 | D:1      | greasedhog the Formicid Fighter began the quest for the
                  | Orb.
     0 | D:1      | Reached XP level 1. HP: 18/18 MP: 1/1
    37 | D:1      | Found a faded altar of an unknown god.
   272 | D:1      | Reached XP level 2. HP: 14/24 MP: 2/2
   580 | D:1      | Reached XP level 3. HP: 30/30 MP: 3/3
  1220 | D:2      | Reached XP level 4. HP: 37/37 MP: 4/4
  1244 | D:2      | Noticed Sigmund
  1257 | D:2      | Killed Sigmund
  1258 | D:2      | Reached XP level 5. HP: 34/43 MP: 5/5
  1258 | D:2      | Reached XP level 6. HP: 39/50 MP: 6/6
  1357 | D:2      | Reached skill level 5 in Fighting
  1501 | D:2      | Identified the +5 dagger of Dytra {protect, rElec rN+
                  | Will+}
  1893 | D:3      | Found Kyzxarro's General Store.
  1911 | D:3      | Bought a scroll of identify for 28 gold pieces
  2015 | D:3      | Found a shadowy altar of Dithmenos.
  2022 | D:3      | Reached skill level 5 in Armour
  2144 | D:3      | Found a glowing drain.
  2156 | Sewer    | Entered a sewer
  2510 | Sewer    | Reached XP level 7. HP: 50/56 MP: 7/7
  2606 | Sewer    | Reached skill level 5 in Shields
  3098 | D:4      | Found an ornate altar of the Wu Jian Council.
  3305 | D:4      | Reached skill level 1 in Dodging
  3331 | D:4      | Found a hazy altar of Hepliaklqana.
  3488 | D:5      | Entered Level 5 of the Dungeon
  3497 | D:5      | Reached skill level 5 in Axes
  3498 | D:5      | Reached XP level 8. HP: 29/63 MP: 8/8
  3618 | D:5      | Slain by an ogre

Illustrated notes

Levels and vault maps discovered:
D:1:      dpeg_arrival_solitude, layout_basic, chequers_ecumenical_altar_simple,
          minmay_heptomino_d4
D:2:      layout_rooms, chequers_serial_rivers_large_a,
          kennysheep_generic_room_13, uniq_sigmund
D:3:      layout_basic, mainiacjoe_overflow_24_doors, serial_glass,
          glass_columns_b, glass_columns_a, glass_columns_b, glass_columns_a,
          glass_columns_b, gup_sewer_entry_pipe, serial_shops, shop
D:4:      layout_gridville, mainiacjoe_overflow_cross_hatched,
          mainiacjoe_overflow_alcove_2
D:5:      kennysheep_spiral_hall, layout_loops_ring, general_overflow_altar,
          minmay_manual_monolith

Skill      XL: |  1  2  3  4  5  6  7 |
---------------+----------------------+-----
Fighting       | 4 5 |  5.5
Axes           | 3 4 5 |  5.1
Armour         | 4 5 |  5.6
Shields        | 5 |  5.2
Dodging        | 1 |  1.7

Action                   |  1- 3 |  4- 6 |  7- 9 || total
-------------------------+-------+-------+-------++-------
Melee: War axe           |    94 |   187 |   129 ||   410
 Abil: Shaft Self        |       |       |     1 ||     1
  Use: Scroll            |     4 |     2 |     2 ||     8
       Potion            |       |     1 |       ||     1
Armor: Scale mail        |    21 |       |       ||    21
       Chain mail        |    29 |   113 |    87 ||   229
Dodge: Dodged            |    39 |    66 |    56 ||   161
Block: Buckler           |    22 |    62 |    42 ||   126

Table legend: (Time is in decaauts)
 A = Elapsed time spent in this place.
 B = Non-inter-level travel time spent in this place.
 C = Inter-level travel time spent in this place.
 D = Time resting spent in this place.
 E = Time spent auto-exploring this place.
 F = Levels seen in this place.
 G = Mean time per level.
                   A        B        C        D        E       F      G
               +--------+--------+--------+--------+--------+-----+--------+
         Total |   3837 |   3744 |     93 |    372 |   2153 |   6 |  639.5 |
       Dungeon |   3232 |   3139 |     93 |    331 |   1966 |   5 |  646.4 |
         Sewer |    604 |    604 |      0 |     41 |    187 |   1 |  604.0 |
               +--------+--------+--------+--------+--------+-----+--------+

Top non-repeatable levels by time:
     D:1: 1073 daAuts
     D:2: 780 daAuts
     D:4: 677 daAuts
   Sewer: 604 daAuts
     D:3: 568 daAuts
     D:5: 132 daAuts
